 Dungeon Crawl Stone Soup version 0.30.1-9-gdf580d7c3d (webtiles) character file.

Game seed: 15984749889179474738

1463 Kranky the Trooper (level 8, 0/71 HPs)
             Began as a Minotaur Fighter on Oct 22, 2023.
             Killed by divine providence
             ... invoked by an orc priest
              (12 damage)
             ... on level 6 of the Dungeon.
             The game lasted 00:08:49 (4255 turns).

Kranky the Trooper (Minotaur Fighter)               Turns: 4255, Time: 00:08:50

Health: 0/71       AC: 11    Str: 22    XL:     8   Next: 48%
Magic:  7/7        EV: 10    Int:  5    God:
Gold:   503        SH:  9    Dex: 11    Spells: 7/7 levels left

rFire   . . .        q - +2 trident (protect)
rCold   . . .        v - +0 kite shield
rNeg    . . .        b - +0 scale mail
rPois   .            (helmet restricted)
rElec   .            s - +2 cloak
rCorr   .            (no gloves)
SInv    .            (no boots)
Will    .....        (no amulet) Stlth
                     (no ring)
HPRegen 0.31/turn    (no ring)
MPRegen 0.10/turn

%: no passive effects
@: no status effects
A: horns 2, retaliatory headbutt
a: no special abilities


You were on level 6 of the Dungeon.
You visited 1 branch of the dungeon, and saw 6 of its levels.
You also visited: Ossuary.

You collected 542 gold pieces.
You spent 39 gold pieces at shops.

Inventory:

Hand Weapons
 a - a +0 trident
 q - a +2 trident of protection (weapon)
Armour
 b - a +0 scale mail (worn)
 c - a +0 buckler
 s - a +2 cloak (worn)
 v - a +0 kite shield (worn)
Jewellery
 y - an amulet of guardian spirit
Wands
 r - a wand of roots (12)
Scrolls
 e - a scroll of enchant armour {unknown}
 h - 2 scrolls of silence {unknown}
 i - a scroll of amnesia {unknown}
 j - a scroll of summoning {unknown}
 k - 3 scrolls of identify
 l - 2 scrolls of immolation {unknown}
 m - 2 scrolls of magic mapping {unknown}
 n - a scroll of torment {unknown}
 o - 5 scrolls of teleportation
 t - a scroll of blinking {unknown}
 u - a scroll of enchant weapon {unknown}
Potions
 d - a potion of might
 f - a potion of heal wounds {unknown}
 g - 2 potions of flight
 p - a potion of lignification {unknown}
 w - a potion of haste
 x - a potion of curing {unknown}


   Skills:
 + Level 6.7 Fighting
 + Level 5.9 Polearms
 + Level 6.6 Armour
 + Level 4.8 Dodging
 + Level 6.6 Shields
 + Level 1.5 Evocations


You had 7 spell levels left.
You didn't know any spells.
Your spell library contained the following spells:

 Spells                   Type           Power      Damage    Failure   Level
 Summon Small Mammal      Summ           0%         N/A       95%         1
 Call Canine Familiar     Summ           0%         N/A       100%        3
 Inner Flame              Hex/Fire       0%         N/A       100%        3
 Summon Guardian Golem    Hex/Summ       0%         N/A       100%        3
 Flame Wave               Conj/Fire      0%         2d4       100%        4
 Sticky Flame             Conj/Fire      0%         2d3       100%        4
 Conjure Ball Lightning   Conj/Air       0%         3x3d6     100%        6
 Discord                  Hex            0%         N/A       100%        8
 Disjunction              Tloc           0%         N/A       100%        8


Dungeon Overview and Level Annotations

Branches:
Dungeon (6/15)            Ossuary (visited)
 Temple: D:4-7

Altars:

Shops:
D:2 ?   D:3 =


Innate Abilities, Weirdness & Mutations

You have a pair of horns on your head.
You reflexively headbutt those who attack you in melee.


Message History

You are too injured to fight recklessly!
You are too injured to fight recklessly!
You are too injured to fight recklessly!
You puncture the orc!
Your weapon exudes an aura of protection.
You kill the orc!
You block the gnoll's attack.
You puncture the gnoll!
You kill the gnoll!
You block the gnoll's attack. The orc priest barely misses you.
Reach: q) +2 trident (protect)
Press: ? - help, Dir - move target, f/p - orc priest
Aim: an orc priest, wielding a +0 trident and wearing a +0 scale mail (severely wounded, about 34% to evade your +2 trident of protection)
You reach to attack!
You hit the orc priest.
The orc priest is severely wounded.
The gnoll hits you but does no damage.
The orc priest hits you but does no damage.
Reach: q) +2 trident (protect)
Press: ? - help, Dir - move target, f/p - orc priest
Aim: an orc priest, wielding a +0 trident and wearing a +0 scale mail (severely wounded, about 34% to evade your +2 trident of protection)
You reach to attack!
You barely miss the orc priest.
The orc priest is severely wounded.
The black bear bites you.
The black bear claws you but does no damage.
You block the black bear's attack.
The orc priest calls down the wrath of Beogh upon you.
Beogh smites you!
* * * LOW HITPOINT WARNING * * *
You block the gnoll's attack.
The black bear attacks as you move away!
The black bear misses you. You furiously retaliate!
You headbutt the black bear! You block the black bear's attack.
The black bear claws you but does no damage.
The black bear attacks as you move away!
The black bear completely misses you. You block the black bear's attack.
The black bear claws you.
* * * LOW HITPOINT WARNING * * *
The orc priest calls down the wrath of Beogh upon you.
Beogh smites you!
You die...

................## #.
#.............#.#..# ##.
.#...........#.....##..#.# #..
.......#......#.#.......# #..
.........###...###...#.# #..
#...##.####..## #...#.#####.†
+...+...o....# #...#........
.####...##.###h.#####...#..####..
....)...)..g....@............>...
.####)..##.###..#..........##.#..
#.....##.# #..##.##.##...##....
#.#....###.# #..##.##.##...##.##.
#.....###.# #..##....##...##.##.
#..#.......###..########...##.##.
...+............# ##...##.##. #o
#.......####.# #.......†.. o
+............# #.....#.###


You could see a black bear, an orc priest and a gnoll.

Vanquished Creatures
  Duvessa (D:4)
  An ice beast (D:6)
  3 phantoms
  3 bullfrogs
  Dowan (D:4)
  3 human zombies (Ossuary)
  A jelly (D:6)
  A centaur zombie (Ossuary)
  3 hounds
  Crazy Yiuf (D:3)
  An orc priest (D:5)
  A sleepcap (D:4)
  An iguana (D:5)
  5 orc wizards
  2 mummies (Ossuary)
  7 adders
  13 gnolls
  2 white imps (D:6)
  A worm (D:4)
  2 dart slugs
  15 orcs
  7 endoplasms
  4 giant cockroaches
  A gnoll zombie (Ossuary)
  6 goblins
  4 hobgoblins
  2 jackals (D:1)
  4 quokkas
  7 ball pythons
  5 bats
  2 frilled lizards
  3 goblin zombies (Ossuary)
  2 hobgoblin zombies (Ossuary)
  8 kobolds
  4 orc zombies (Ossuary)
  2 quokka zombies (D:4)
  6 rats
135 creatures vanquished.

Notes
Turn   | Place    | Note
-------+----------+-------------------------------------------
     0 | D:1      | Kranky the Minotaur Fighter began the quest for the Orb.
     0 | D:1      | Reached XP level 1. HP: 19/19 MP: 0/0
    68 | D:1      | Reached XP level 2. HP: 26/27 MP: 1/1
   268 | D:1      | Reached skill level 1 in Dodging
   396 | D:1      | Reached XP level 3. HP: 29/33 MP: 2/2
  1119 | D:2      | Found Qats's Magic Scroll Shoppe.
  1128 | D:2      | Bought a scroll of teleportation for 39 gold pieces
  1223 | D:3      | Found Yhoraon's Jewellery Shop.
  1371 | D:3      | Reached XP level 4. HP: 40/40 MP: 3/3
  1657 | D:3      | Found a runed translucent door.
  1658 | D:3      | Noticed Crazy Yiuf
  1906 | D:3      | Killed Crazy Yiuf
  1907 | D:3      | Reached XP level 5. HP: 45/47 MP: 4/4
  1949 | D:4      | Noticed Duvessa
  1949 | D:4      | Noticed Dowan
  1958 | D:4      | Killed Duvessa
  2134 | D:4      | Killed Dowan
  2135 | D:4      | Reached XP level 6. HP: 16/55 MP: 5/5
  2144 | D:4      | HP: 1/55 [poisoned by Dowan]
  2224 | D:4      | Reached skill level 5 in Armour
  2226 | D:4      | Reached skill level 5 in Shields
  2243 | D:4      | Reached skill level 5 in Fighting
  2293 | D:4      | Found a sand-covered staircase.
  2302 | Ossuary  | Entered an ossuary
  2436 | Ossuary  | Reached XP level 7. HP: 54/61 MP: 6/6
  2806 | D:5      | Entered Level 5 of the Dungeon
  3094 | D:5      | Reached skill level 5 in Polearms
  3621 | D:5      | Reached XP level 8. HP: 69/70 MP: 7/7
  3982 | D:6      | Found Wiymofu's Jewellery Emporium.
  4020 | D:6      | Reached skill level 1 in Evocations
  4255 | D:6      | Killed from afar by an orc priest

Illustrated notes

Levels and vault maps discovered:
D:1:      eino_arrival_cavern_c, layout_basic
D:2:      layout_basic, serial_shops, shop, grunt_decor_arrowhead
D:3:      layout_loops_ring, serial_shops, shop, uniq_crazy_yiuf_cottage
D:4:      layout_rooms, enter_ossuary_4, uniq_duvessa
D:5:      layout_basic
D:6:      layout_basic, serial_shops, nicolae_shop_crystal, hex_intersection,
          uniq_menkaure

Skill      XL: |  1  2  3  4  5  6  7  8 |
---------------+-------------------------+-----
Dodging        | 1 2 3 4 |  4.8
Shields        | 4 5 6 |  6.6
Armour         | 4 5 6 |  6.6
Fighting       | 4 5 6 |  6.7
Polearms       | 3 4 5 |  5.9
Evocations     | 1 |  1.5

Action                     |  1- 3 |  4- 6 |  7- 9 || total
---------------------------+-------+-------+-------++-------
  Melee: Trident           |   110 |   124 |   154 ||   388
         Headbutt          |    15 |    22 |    21 ||    58
    Use: Potion            |       |     4 |       ||     4
         Scroll            |       |     2 |       ||     2
 Armour: Scale mail        |    23 |    53 |    62 ||   138
  Dodge: Dodged            |    44 |    59 |    56 ||   159
  Block: Buckler           |    17 |    30 |    17 ||    64
         Kite shield       |       |       |    29 ||    29
